 Dungeon Crawl Stone Soup version 0.19.5 (webtiles) character file.

20668 Gargoyl the Cleaver (level 12, 0/103 HPs)
             Began as a Ghoul Abyssal Knight on May 16, 2017.
             Was an Elder of Lugonu.
             Slain by a death yak (13 damage)
             ... on level 4 of the Lair of Beasts on May 17, 2017.
             The game lasted 00:33:50 (13932 turns).

Gargoyl the Cleaver (Ghoul Abyssal Knight)         Turns: 13932, Time: 00:33:51

Health: 0/103      AC: 22    Str: 17    XL:     12   Next: 81%
Magic:  14/18      EV:  3    Int:  7    God:    Lugonu [****..]
Gold:   896        SH: 17    Dex: 12    Spells: 0 memorised, 11 levels left

rFire  . . .     SeeInvis +     x - +4 war axe
rCold  + . .     Gourm    .     d - +2 plate armour
rNeg   + + +     Faith    .     u - +0 large shield
rPois  ∞         Spirit   .     h - +0 helmet
rElec  .         Reflect  +     b - +0 cloak
rCorr  .         Harm     .     y - +0 pair of gloves
MR     +....                    j - +1 pair of boots
Stlth  ..........               C - +2 amulet of reflection
                                A - ring of see invisible
                                M - ring of protection from magic

@: rotting
A: rotting body, claws 1, carnivore 3, cold resistance 1, negative energy
resistance 3, slow regeneration 1, torment resistance, unbreathing
a: Depart the Abyss, Bend Space, Banish, Corrupt, Renounce Religion


You were on level 4 of the Lair of Beasts.
You worshipped Lugonu.
Lugonu was greatly pleased with you.
You were not hungry.

You visited 2 branches of the dungeon, and saw 14 of its levels.
You visited the Abyss 1 time.

You collected 896 gold pieces.

Inventory:

Hand Weapons
 a - a +3 hand axe
 e - a +0 hand axe of flaming
 x - a +4 war axe (weapon)
Missiles
 l - 14 tomahawks (quivered)
Armour
 b - a +0 cloak (worn)
 d - a +2 plate armour (worn)
 h - a +0 helmet (worn)
 j - a +1 pair of boots (worn)
 u - a +0 large shield (worn)
 y - a +0 pair of gloves (worn)
Jewellery
 q - an uncursed ring of protection from cold
 s - an uncursed ring of flight
 A - a ring of see invisible (right hand)
 C - a +2 amulet of reflection (around neck)
 M - a ring of protection from magic (left hand)
 R - an uncursed ring of resist corrosion
Wands
 g - a wand of lightning (8/15)
 o - a wand of lightning (10/15)
 E - a wand of iceblast (9/15)
 H - a wand of disintegration (13/24)
 K - a wand of flame (22/48)
 X - a wand of confusion (23/48)
Scrolls
 m - 2 scrolls of fear
 p - a scroll of magic mapping
 t - a scroll of recharging
 v - 2 scrolls of blinking
 F - 3 scrolls of identify
 G - 2 scrolls of teleportation
 Q - 3 scrolls of remove curse
Potions
 i - 2 potions of might
 n - a potion of haste
 w - a potion of cancellation
 z - 2 potions of flight
 B - 3 potions of invisibility
 D - a potion of berserk rage
 U - 3 potions of curing
Books
 k - the Tome of the Igneous Voyage
   (You found it on level 9 of the Dungeon)

   Spells                             Type                      Level
   a - Flame Tongue                   Conjuration/Fire             1
   b - Gell's Gravitas                Hexes/Translocation          3
   c - Recall                         Summoning/Translocation      3
   d - Delayed Fireball               Conjuration/Fire             7
 r - a book of Callings

   Spells                             Type                      Level
   a - Summon Small Mammal            Summoning                    1
   b - Call Imp                       Summoning                    2
   c - Call Canine Familiar           Summoning                    3
   d - Summon Guardian Golem          Hexes/Summoning              3
   e - Summon Lightning Spire         Summoning/Air                4
   f - Summon Ice Beast               Ice/Summoning                4
 I - a book of Misfortune

   Spells                             Type                      Level
   a - Confusing Touch                Hexes                        1
   b - Confuse                        Hexes                        3
   c - Gell's Gravitas                Hexes/Translocation          3
   d - Petrify                        Transmutation/Earth          4
   e - Metabolic Englaciation         Hexes/Ice                    5
   f - Yara's Violent Unravelling     Hexes/Transmutation          5
 L - a book of Changes

   Spells                             Type                      Level
   a - Beastly Appendage              Transmutation                1
   b - Sticks to Snakes               Transmutation                2
   c - Spider Form                    Transmutation/Poison         3
   d - Ice Form                       Ice/Transmutation            4
   e - Blade Hands                    Transmutation                5
Comestibles
 c - 4 meat rations
 f - 13 slices of pizza
 S - a beef jerky
 Y - a royal jelly


   Skills:
 + Level 8.3 Fighting
 + Level 10.4 Axes
 + Level 0.3 Throwing
 * Level 9.4 Armour
 + Level 3.1 Dodging
 + Level 7.7 Shields
 * Level 10.3 Invocations


You had 11 spell levels left.
You didn't know any spells.

Dungeon Overview and Level Annotations

Branches:
Dungeon (9/15)             Temple (0/1) D:5            Lair (5/6) D:9
 Shoals (0/4) Lair:2        Snake (0/4) Lair:2          Orc (0/2) D:9
  Slime: Lair:5-6

Altars:
Ashenzari
Dithmenos
Elyvilon
Gozag
Hepliaklqana
Kikubaaqudgha
Vehumet
Xom
Yredelemnul


Innate Abilities, Weirdness & Mutations

Your body is rotting away.
You thrive on raw meat.
You are immune to poison.
You have sharp fingernails.
You are carnivorous and can eat meat at any time.
Your flesh is cold resistant. (rC+)
You are immune to negative energy. (rN+++)
You regenerate slowly when monsters are visible.
You are immune to unholy pain and torment.
You can survive without breathing.


Message History

The death yak is severely wounded.
The death yak barely misses you. You block the death yak's attack.
You slash the death yak!
The death yak is severely wounded.
The death yak gores you but does no damage.
Your shield and plate armour prevent you from hitting the death yak.
The death yak is severely wounded.
The death yak gores you but does no damage.
You hit the death yak but do no damage.
The death yak is severely wounded.
The death yak gores you!!
* * * LOW HITPOINT WARNING * * *
You barely miss the death yak.
The death yak is severely wounded.
You block the death yak's attack.
Press: ? - help, Shift-Dir - straight line, f - death yak
Aim: a death yak (severely wounded, chance to defeat MR: 24%)
The death yak resists with almost no effort.
You feel quite a bit more hungry. The death yak gores you!
You die...

.#
##.##......P.##.....#
.#
####........##P....#
.. #..............##
.. #......#........#
. +.......>......##
#P.....###.P.....#
##......P#..#....#
#...............#
.......Y@†.....##
..............#
..............#
..............#
..............#
....##.######... ....
#. .## ... ..


You could see a death yak.

Vanquished Creatures
  A hydra (D:8)
  5 death yaks (Lair:3)
  Pikel (D:4)
  8 elephants
  A black mamba (Lair:1)
  3 spiny frogs
  A komodo dragon (Lair:2)
  A troll (D:9)
  4 blink frogs
  8 hippogriffs
  2 dream sheep (D:8)
  11 yaks
  2 wyverns
  A basilisk (Lair:3)
  The ghost of Jumperg the Skirmisher, an amateur DsAK of Lugonu (D:4)
  2 hungry ghosts (D:9)
  8 porcupines
  6 water moccasins
  3 orc warriors
  3 ice beasts
  2 phantoms (D:5)
  A slave (D:5)
  3 black bears
  A necrophage (D:6)
  A wolf (Lair:2)
  2 centaurs
  5 ogres
  6 crocodiles
  Blork the orc (D:5)
  8 big kobolds
  5 bullfrogs
  4 scorpions
  3 wights (D:7)
  An electric eel (Lair:2)
  2 howler monkeys (D:8)
  2 crimson imps
  5 hounds
  A jelly (D:7)
  5 orc priests
  2 centaur skeletons
  5 orc wizards
  2 hell rats (D:6)
  4 worker ants
  A killer bee zombie (D:7)
  A hound skeleton (D:4)
  A worker ant zombie (D:6)
  11 gnolls
  9 river rats (D:6)
  9 adders
  4 oozes
  An adder zombie (D:5)
  An adder skeleton (D:6)
  2 worms
  2 dart slugs (D:1)
  4 leopard geckos
  32 orcs
  6 bats
  6 giant cockroaches
  8 goblins
  9 hobgoblins
  13 jackals (D:1)
  53 kobolds
  3 quokkas
  A ball python (D:3)
  6 frilled lizards
  2 jackal skeletons
  28 rats
356 creatures vanquished.

Vanquished Creatures (others)
  2 elephants (Lair:3)
  A troll (D:9)
  A snapping turtle (Lair:2)
  2 orc warriors
  A slave (D:5)
  An ice beast (D:5)
  An electric eel (Lair:2)
  An orc wizard (D:3)
  A gnoll (D:5)
  An adder (D:5)
  A hobgoblin (D:5)
  6 fungi
  A plant (Lair:3)
20 creatures vanquished.

Grand Total: 376 creatures vanquished

Notes
Turn   | Place    | Note
-------+----------+-------------------------------------------
     0 | Abyss:1  | Gargoyl the Ghoul Abyssal Knight began the quest for the Orb.
     0 | Abyss:1  | Reached XP level 1. HP: 19/19 MP: 1/1
    51 | Abyss:2  | Noticed a chaos spawn
    56 | Abyss:2  | Noticed a wretched star
    58 | D:1      | Escaped the Abyss
    76 | D:1      | Reached XP level 2. HP: 9/26 MP: 2/2
   111 | D:1      | Reached * piety under Lugonu
   248 | D:1      | Reached XP level 3. HP: 25/30 MP: 3/3
   663 | D:2      | Reached XP level 4. HP: 32/40 MP: 4/4
   667 | D:2      | Reached skill level 1 in Dodging
  1063 | D:2      | Found a shattered altar of Ashenzari.
  1356 | D:3      | Reached ** piety under Lugonu
  1577 | D:3      | Reached XP level 5. HP: 44/46 MP: 6/6
  1620 | D:3      | Noticed a big kobold
  1620 | D:3      | Noticed a big kobold
  1644 | D:3      | Killed a big kobold
  1656 | D:3      | Killed a big kobold
  1656 | D:3      | Reached XP level 6. HP: 52/52 MP: 7/7
  1849 | D:3      | Reached *** piety under Lugonu
  1953 | D:3      | Reached XP level 7. HP: 57/60 MP: 8/8
  3139 | D:4      | Noticed Jumperg's ghost (amateur DsAK)
  3160 | D:4      | Killed Jumperg's ghost
  3160 | D:4      | Reached XP level 8. HP: 33/67 MP: 10/10
  3224 | D:4      | Reached skill level 5 in Axes
  3321 | D:5      | Entered Level 5 of the Dungeon
  3354 | D:5      | Noticed Blork the orc
  3373 | D:5      | Killed Blork the orc
  3432 | D:5      | Found a staircase to the Ecumenical Temple.
  3454 | D:5      | Noticed Pikel
  3612 | D:4      | Killed Pikel
  3612 | D:4      | Reached skill level 5 in Fighting
  3612 | D:4      | Reached skill level 1 in Shields
  3612 | D:4      | Reached skill level 5 in Invocations
  3680 | D:4      | Reached skill level 5 in Armour
  3763 | D:5      | Reached XP level 9. HP: 52/74 MP: 12/12
  3841 | D:5      | Reached **** piety under Lugonu
  4062 | D:5      | Got a steaming mace
  4063 | D:5      | Identified the +6 mace of the Tales {flame, rC+} (You found it on level 5 of the Dungeon)
  4077 | D:5      | Found a shadowy altar of Dithmenos.
  4216 | D:5      | Found a shadowy altar of Dithmenos.
  5572 | D:7      | Found a white marble altar of Elyvilon.
  6030 | D:7      | Found a basalt altar of Yredelemnul.
  6326 | D:8      | Reached XP level 10. HP: 69/79 MP: 12/14
  6472 | D:8      | Noticed a three-headed hydra
  6477 | D:8      | Killed a one-headed hydra
  6648 | D:8      | Reached ***** piety under Lugonu
  6736 | D:8      | Found an ancient bone altar of Kikubaaqudgha.
  6737 | D:8      | Found a shimmering altar of Xom.
  6834 | D:8      | Found a radiant altar of Vehumet.
  6872 | D:8      | Found a hazy altar of Hepliaklqana.
  7093 | D:9      | Reached skill level 5 in Shields
  7413 | D:9      | Found a staircase to the Lair.
  7482 | D:9      | Reached XP level 11. HP: 91/91 MP: 15/15
  7933 | D:9      | Found a staircase to the Orcish Mines.
  8057 | D:9      | Found an opulent altar of Gozag.
  8293 | D:9      | Identified the Tome of the Igneous Voyage
  8385 | Lair:1   | Entered Level 1 of the Lair of Beasts
 10385 | Lair:2   | Found a staircase to the Snake Pit.
 10929 | Lair:2   | Found a staircase to the Shoals.
 11610 | Lair:3   | Reached XP level 12. HP: 86/101 MP: 18/18
 11913 | Lair:3   | You fall through a shaft for 2 floors!
 13493 | Lair:4   | Reached skill level 10 in Invocations
 13700 | Lair:4   | Reached skill level 10 in Axes
 13753 | Lair:4   | Noticed a death yak
 13754 | Lair:4   | Noticed a death yak
 13754 | Lair:4   | Noticed a death yak
 13754 | Lair:4   | Noticed a death yak
 13755 | Lair:4   | Noticed a death yak
 13755 | Lair:4   | Noticed a death yak
 13777 | Lair:3   | Killed a death yak
 13819 | Lair:3   | Killed a death yak
 13839 | Lair:3   | Killed a death yak
 13853 | Lair:3   | Killed a death yak
 13862 | Lair:3   | Killed a death yak
 13932 | Lair:4   | Slain by a death yak

Skill      XL: |  1  2  3  4  5  6  7  8  9 10 11 12 |
---------------+-------------------------------------+-----
Axes           | 2 3 4 6 7 8 9 10 | 10.4
Armour         | 2 3 4 5 6 7 8 9 |  9.4
Dodging        | 1 2 3 |  3.1
Invocations    | 3 4 5 6 7 9 10 | 10.3
Fighting       | 4 5 6 7 8 |  8.3
Shields        | 2 3 5 6 7 |  7.7
Throwing       | |  0.3

Action                   |  1- 3 |  4- 6 |  7- 9 | 10-12 || total
-------------------------+-------+-------+-------+-------++-------
Melee: Hand axe          |    99 |   155 |   124 |    19 ||   397
       War axe           |       |       |   496 |   968 ||  1464
Throw: Tomahawk          |       |       |     2 |     7 ||     9
Invok: Depart the Abyss  |     1 |       |       |       ||     1
       Banish            |       |       |     3 |     9 ||    12
       Bend Space        |       |       |     1 |     1 ||     2
  Use: Scroll            |     4 |     4 |    10 |    13 ||    31
       Potion            |     3 |     3 |     3 |    10 ||    19
  Eat: Chunk             |    16 |    20 |    67 |   134 ||   237
       Meat ration       |       |       |       |     1 ||     1
Armor: Scale mail        |   103 |   153 |   183 |       ||   439
       Chain mail        |       |       |   123 |   199 ||   322
       Plate armour      |       |       |       |   438 ||   438
Dodge: Dodged            |   100 |   152 |   104 |   105 ||   461
Block: Large shield      |       |       |   412 |  1029 ||  1441
       Reflection        |       |       |       |     2 ||     2
